 Dungeon Crawl Stone Soup version 0.13-a0-2318-gf5ad1f9 (webtiles) character file.

266 Murumi the Chopper (level 5, 0/46 HPs)
             Began as a Minotaur Fighter on July 10, 2013.
             Slain by Grinder (1 damage)
             ... while paralysed by Grinder
             ... on Level 3 of the Dungeon.
             The game lasted 00:09:36 (2186 turns).

Murumi the Chopper (Minotaur Fighter)               Turns: 2186, Time: 00:09:36

HP   0/46        AC  7     Str 22      XL: 5   Next: 57%
MP   1/1         EV  2     Int  6      God:
Gold 55          SH  0     Dex  9      Spells:  0 memorised,  4 levels left

Res.Fire  : . . .   See Invis. : .   c - +0 hand axe (curse)
Res.Cold  : . . .   Warding    : +   b - +1 scale mail (curse)
Life Prot.: + + .   Conserve   : .   g - +0 dwarf buckler
Res.Poison: .       Res.Corr.  : .   (helmet restricted)
Res.Elec. : .       Clarity    : .   (no cloak)
Sust.Abil.: . .     Spirit.Shd : .   (no gloves)
Res.Mut.  : .       Stasis     : .   (no boots)
Res.Rott. : .       Flight     : .   m - amulet of warding
Saprovore : . . .                    e - ring of positive energy
                                     w - +1 ring of strength

@: paralysed, slightly resistant to hostile enchantments, extremely unstealthy
A: retaliatory headbutt, horns 2
a: no special abilities


You were on level 3 of the Dungeon.
You were hungry.

You visited 1 branch of the dungeon, and saw 3 of its levels.

You collected 35 gold pieces.

Inventory:

Hand weapons
 a - a +1,+0 hand axe {=f}
 c - a cursed +0,+0 hand axe (weapon)
 x - a +2,+2 hand axe (quivered)
Armour
 b - a cursed +1 scale mail (worn)
 g - a +0 dwarven buckler (worn)
 y - a +0 orcish scale mail
Magical devices
 r - a wand of polymorph (4)
Comestibles
 d - 4 bread rations
 o - a slice of pizza
 q - an apple
 t - a choko
 v - a rambutan
Scrolls
 j - a scroll of magic mapping
 s - a scroll of curse weapon {Amnesia, unknown}
 A - a scroll of teleportation
Jewellery
 e - a ring of positive energy (right hand)
 m - an amulet of warding (around neck)
 u - an uncursed ring of see invisible {unknown}
 w - a +1 ring of strength (left hand)
Potions
 f - a potion of curing
 h - a potion of invisibility {unknown}
 i - a potion of paralysis {unknown}
 k - 3 potions of brilliance {unknown}
 l - a potion of mutation {unknown}
 n - a potion of might {unknown}
 p - a potion of heal wounds {unknown}
 z - a potion of magic {unknown}


   Skills:
 - Level 3.6 Fighting
 * Level 6.2 Axes
 - Level 3.6 Armour
 - Level 5.0 Shields


You had 4 spell levels left.
You didn't know any spells.

Dungeon Overview and Level Annotations

Branches:
Dungeon (3/27)

Altars:

Annotations
D:3 Grinder


Innate Abilities, Weirdness & Mutations

You reflexively headbutt those who attack you in melee.
You have a pair of horns on your head.


Message History

Grinder gestures at you. You resist.
You can move again.
You are feeling hungry.
Grinder hits you.
You hit Grinder.
Grinder is lightly wounded.
Grinder hits you but does no damage.
You barely miss Grinder. You headbutt Grinder!
Grinder is moderately wounded.
Grinder gestures at you.
You suddenly lose the ability to move!
Grinder hits you!
* * * LOW HITPOINT WARNING * * *
Grinder hits you.
* * * LOW HITPOINT WARNING * * *
Grinder hits you!
* * * LOW HITPOINT WARNING * * *
Grinder hits you.
You die...

..o..##.......### . ....o#
###.#....## ..
..............%..# #
.###### #.....# . # .
#.###)# #.# # #.# #.# ###
#.# #.# #.. #.# #.# #..
#@# #.# #..
....#.###5##########.# #..
...o.................###..
..........................
....................###..
....................# ###
....................## #
#..#####.#...........# #
......................# #


You could see Grinder.

Vanquished Creatures
  An orc priest (D:3)
  A worker ant (D:3)
  Jessica (D:2)
  4 gnolls
  4 adders
  2 worms (D:2)
  A giant gecko (D:3)
  3 oozes
  2 orcs (D:2)
  6 bats
  3 giant cockroaches (D:2)
  5 hobgoblins
  2 jackals (D:1)
  A ball python (D:1)
  4 giant newts
  2 goblins
  6 kobolds
  2 quokkas (D:2)
  6 rats
56 creatures vanquished.

Vanquished Creatures (others)
  A giant gecko (D:2)
  A jackal (D:1)
  A kobold (D:3)
3 creatures vanquished.

Grand Total: 59 creatures vanquished

Notes
Turn   | Place    | Note
--------------------------------------------------------------
     0 | D:1      | Murumi, the Minotaur Fighter, began the quest for the Orb.
     0 | D:1      | Reached XP level 1. HP: 19/19 MP: 0/0
    24 | D:1      | Reached XP level 2. HP: 5/26 MP: 0/0
   482 | D:1      | Reached skill level 4 in Axes
   905 | D:2      | Reached XP level 3. HP: 27/33 MP: 1/1
  1039 | D:2      | Noticed Jessica
  1045 | D:2      | Killed Jessica
  1045 | D:2      | Reached skill level 5 in Axes
  1110 | D:2      | Reached XP level 4. HP: 34/39 MP: 1/1
  1688 | D:3      | Reached XP level 5. HP: 16/46 MP: 1/1
  1865 | D:3      | Noticed Grinder
  2165 | D:3      | Reached skill level 5 in Shields
  2169 | D:3      | Reached skill level 6 in Axes
  2177 | D:3      | Paralysed by Grinder for 2 turns
  2182 | D:3      | Paralysed by Grinder for 6 turns
  2185 | D:3      | HP: 1/46 [Grinder (7)]
  2186 | D:3      | Slain by Grinder

Action                   |  1- 3 |  4- 6 || total
-------------------------+-------+-------++-------
Melee: Hand axe          |    73 |   101 ||   174
Evoke: Wand              |     2 |       ||     2
  Use: Scroll            |     7 |     4 ||    11
